 Dungeon Crawl Stone Soup version 0.30-a0-393-g54b8e3be05 (webtiles) character file.

Game seed: 16640057288657869716

337 Pooter the Digger (level 6, -2/53 HPs)
             Began as a Troll Earth Elementalist on Dec 6, 2022.
             Shot with an arrow by a centaur (10 damage)
             ... on level 5 of the Dungeon.
             The game lasted 00:18:58 (3185 turns).

Pooter the Digger (Troll Earth Elementalist)        Turns: 3185, Time: 00:18:58

Health: -2/53      AC:  5    Str: 19    XL:     6   Next: 28%
Magic:  14/17      EV:  9    Int: 11    God:
Gold:   221        SH:  0    Dex: 10    Spells: 5/9 levels left

rFire   . . .      SeeInvis .      - Unarmed
rCold   . . .      Faith    .    (no shield)
rNeg    . . .      Spirit   .    a - +0 robe
rPois   .          Reflect  .    (helmet restricted)
rElec   .          Harm     .    c - +0 cloak
rCorr   .          Rampage  .    (gloves unavailable)
Will    .....                    (boots unavailable)
Stlth   +.........               (no amulet)
HPRegen 1.08/turn                g - ring of magical power
MPRegen 0.15/turn                (no ring)

@: no status effects
A: large, unfitting armour, claws 3, regeneration 1, shaggy fur 1, tough skin 1
a: no special abilities


You were on level 5 of the Dungeon.
You visited 1 branch of the dungeon, and saw 5 of its levels.

You collected 221 gold pieces.

Inventory:

Hand Weapons
 b - a +0 sling
   (You found it on level 3 of the Dungeon)
 e - a +2 dagger of venom
   (You took it off a goblin on level 1 of the Dungeon)
 n - a +0 trident
   (You found it on level 2 of the Dungeon)
 u - a +5 short sword
   (You found it on level 1 of the Dungeon)
 w - a +2 war axe of electrocution
   (You took it off a kobold on level 4 of the Dungeon)
Missiles
 k - 4 poisoned darts
 Q - 43 stones (quivered)
Armour
 a - a +0 robe (worn)
 c - a +0 cloak (worn)
   (You found it on level 1 of the Dungeon)
Jewellery
 g - a ring of magical power (left claw)
   (You found it on level 1 of the Dungeon)
Scrolls
 d - a scroll of blinking {unknown}
 i - a scroll of silence {unknown}
 l - a scroll of torment {!r}
 o - a scroll of fog
 t - a scroll of teleportation {@r4}
 v - a scroll of amnesia {unknown}
 x - a scroll of magic mapping {unknown}
Potions
 f - a potion of flight {unknown}
 h - 3 potions of curing {@q1}
 j - 2 potions of degeneration {unknown}
 m - a potion of haste {unknown}
 p - a potion of mutation {unknown}
 q - a potion of resistance {unknown}
 r - a potion of magic
 s - 6 potions of heal wounds {@q2}


   Skills:
 - Level 1.5 Dodging
 - Level 1.0 Stealth
 + Level 2.6 Unarmed Combat
 + Level 2.1 Spellcasting
 + Level 1.6 Conjurations
 + Level 2.1 Transmutations
 + Level 3.8 Earth Magic


You had 5 spell levels left.
You knew the following spells:

 Your Spells              Type           Power      Damage    Failure   Level
a - Sandblast             Erth           18%        2d7       6%          1
b - Stone Arrow           Conj/Erth      14%        3d7       28%         3

Your spell library contained the following spells:

 Spells                   Type           Power      Damage    Failure   Level
 Passwall                 Tmut/Erth      5%         N/A       13%         2
 Petrify                  Tmut/Erth      7%         N/A       63%         4
 Call Canine Familiar     Summ           1%         N/A       65%         3
 Portal Projectile        Hex/Tloc       2%         N/A       65%         3
 Leda's Liquefaction      Hex/Erth       2%         N/A       78%         4


Dungeon Overview and Level Annotations

Branches:
Dungeon (5/15)
 Temple: D:4-7

Altars:
Cheibriados
Kikubaaqudgha
Nemelex Xobeh
Wu Jian

Shops:
D:1 :   D:3 =


Innate Abilities, Weirdness & Mutations

You are too large for most types of armour.
You have claws for hands.
Your natural rate of healing is unusually fast.
You are covered in fur. (AC +1)
You have tough skin. (AC +1)


Message History

No target in view!
Things that are here:
a +0 dagger; a +0 sling You see here a +0 spear.
You see here a hobgoblin skeleton.
There is a stone staircase leading up here.
Done exploring.
There is a stone staircase leading up here.
There is a stone staircase leading down here.
You climb downwards.
Found a scroll labelled WIABIF ULOLE, 7 stones and a glowing whip.
There is a stone staircase leading up here.
The helpless worm fails to defend itself.
You scratch the worm. You claw the worm! The worm barely misses you.
You scratch the worm. You scratch the worm.
You kill the worm!
x - a scroll labelled WIABIF ULOLE
Q - 43 stones (gained 7)
You see here a worm corpse.
You see here a +0 whip of venom.
Found 13 gold pieces.
A centaur comes into view.
Found a sapphire potion.
The centaur shouts!
The centaur wields a +0 shortbow.
The centaur shoots an arrow.
The arrow hits you.
The centaur shoots an arrow.
The arrow barely misses you.
The centaur shoots an arrow.
The arrow closely misses you.
The centaur shoots an arrow.
The arrow hits you!
The centaur shoots an arrow.
The arrow hits you!
The centaur shoots an arrow.
The arrow hits you!
* * * LOW HITPOINT WARNING * * *
Aim: a centaur, wielding a +0 shortbow (88% to hit)
The blast of sand hits the centaur.
The centaur shoots an arrow.
The arrow barely misses you.
The centaur shoots an arrow.
The arrow barely misses you.
Aim: a centaur, wielding a +0 shortbow (lightly wounded, 88% to hit)
The blast of sand hits the centaur!
The centaur shoots an arrow.
The arrow hits you.
* * * LOW HITPOINT WARNING * * *
The centaur shoots an arrow.
The arrow hits you!
* * * LOW HITPOINT WARNING * * *
The centaur shoots an arrow.
The arrow barely misses you.
Aim: a centaur, wielding a +0 shortbow (heavily wounded, 88% to hit)
The blast of sand hits the centaur.
The centaur shoots an arrow.
The arrow hits you.
* * * LOW HITPOINT WARNING * * *
The centaur shoots an arrow.
The arrow hits you!
You die...

## .....#. #.##.#.##
###.##.#..# ...##.##!#
#..##.##.# #
#..##.##.#####.#
#######..##...$......#
................@....#
######..#####.#####c#
#).# #.# #..# #.#
##..# #.# #...### #.#
#<....# #.#
######.†.#......
.......#.#.###.


You could see a centaur.

Vanquished Creatures
  2 vampire bats (D:3)
  An orc priest (D:3)
  2 orc wizards (D:3)
  A mummy (D:4)
  8 adders
  2 worms
  4 dart slugs
  9 orcs
  2 bat skeletons (D:3)
  2 bat zombies (D:3)
  6 endoplasms
  3 giant cockroaches
  6 goblins
  6 hobgoblins
  4 kobolds
  10 ball pythons
  5 bats
  5 frilled lizards
  3 rats
81 creatures vanquished.

Notes
Turn   | Place    | Note
-------+----------+-------------------------------------------
     0 | D:1      | Pooter the Troll Earth Elementalist began the quest for the
                  | Orb.
     0 | D:1      | Reached XP level 1. HP: 16/16 MP: 1/1
   150 | D:1      | Reached skill level 1 in Transmutations
   150 | D:1      | Reached XP level 2. HP: 24/24 MP: 0/3
   586 | D:1      | Found a faded altar of an unknown god.
   623 | D:1      | Found Haiffyif's Book Emporium.
   676 | D:1      | Reached skill level 3 in Earth Magic
   711 | D:1      | Reached skill level 1 in Unarmed Combat
   898 | D:2      | Reached XP level 3. HP: 31/31 MP: 4/4
  1105 | D:2      | Reached XP level 4. HP: 39/39 MP: 5/5
  1172 | D:2      | Learned a level 3 spell: Stone Arrow
  1589 | D:2      | Reached skill level 1 in Conjurations
  1710 | D:3      | Reached XP level 5. HP: 10/45 MP: 6/6
  2010 | D:3      | Found Voiclo's Jewellery Shop.
  2193 | D:3      | Found an ancient bone altar of Kikubaaqudgha.
  2248 | D:3      | Reached XP level 6. HP: 53/53 MP: 8/8
  2276 | D:3      | Found an ornate altar of the Wu Jian Council.
  2430 | D:4      | Found a sparkling altar of Nemelex Xobeh.
  2540 | D:4      | Found a snail-covered altar of Cheibriados.
  3156 | D:5      | Entered Level 5 of the Dungeon
  3185 | D:5      | Shot with an arrow by a centaur

Illustrated notes

Levels and vault maps discovered:
D:1:      dpeg_arrival_round_c, layout_loops_cross,
          chequers_ecumenical_altar_twisty, serial_shops, shop
D:2:      layout_basic, minivault_4
D:3:      layout_rooms, nicolae_wu_jian_wuxing_cycle, kennysheep_vampire_church,
          serial_shops, nicolae_shop_window_shopping
D:4:      layout_loops_ring, chei_slow_surprise, lemuel_doored_altar
D:5:      layout_loops_ring, roderic_batcave, uniq_menkaure

Skill      XL: |  1  2  3  4  5 |
---------------+----------------+-----
Transmutations | 1 2 |  2.1
Earth Magic    | 3 |  3.8
Unarmed Combat | 1 2 |  2.6
Conjurations   | 1 |  1.6
Spellcasting   | 2 |  2.1
Dodging        | |  1.5
Stealth        | |  1.0

Action                   |  1- 3 |  4- 6 || total
-------------------------+-------+-------++-------
Melee: Unarmed           |    20 |    74 ||    94
       Short sword       |    36 |       ||    36
       Punch             |       |     3 ||     3
 Fire: Sling             |       |    26 ||    26
Throw: Stone             |     6 |     5 ||    11
 Cast: Sandblast         |    28 |    36 ||    64
  Use: Potion            |       |     1 ||     1
       Scroll            |       |     4 ||     4
 Stab: Sleeping          |     1 |     2 ||     3
Armor: Robe              |    25 |    60 ||    85
Dodge: Dodged            |    32 |    64 ||    96

Table legend: (Time is in decaauts)
 A = Elapsed time spent in this place.
 B = Non-inter-level travel time spent in this place.
 C = Inter-level travel time spent in this place.
 D = Time resting spent in this place.
 E = Time spent auto-exploring this place.
 F = Levels seen in this place.
 G = Mean time per level.
                   A        B        C        D        E       F      G
               +--------+--------+--------+--------+--------+-----+--------+
         Total |   3218 |   3151 |     67 |     37 |   2499 |   5 |  643.6 |
       Dungeon |   3218 |   3151 |     67 |     37 |   2499 |   5 |  643.6 |
               +--------+--------+--------+--------+--------+-----+--------+

Top non-repeatable levels by time:
     D:1: 901 daAuts
     D:2: 814 daAuts
     D:4: 805 daAuts
     D:3: 668 daAuts
     D:5: 29 daAuts
